 Seeded DCSS version 0.29-a0-356-g7bc237e783 (webtiles) character file.

Game seed: 1711547067163246228 (custom seed)

205 Zonian the Chiller (level 5, -1/38 HPs)
             Began as a Gnoll Ice Elementalist on Apr 25, 2022.
             Was a Follower of Zin.
             Slain by Grinder (4 damage)
             ... on level 3 of the Dungeon.
             The game lasted 00:09:25 (5070 turns).

Zonian the Chiller (Gnoll Ice Elementalist)         Turns: 5070, Time: 00:09:26

Health: -1/38      AC: 12    Str:  7    XL:     5   Next: 83%
Magic:  12/12      EV: 13    Int: 16    God:    Zin [*.....]
Gold:   33         SH:  4    Dex: 13    Spells: 7/14 levels left

rFire   . . .      SeeInvis .   g - +1 dagger (freeze)
rCold   . . .      Faith    .   n - +0 buckler {AC+3}
rNeg    + . .      Spirit   .   d - +1 robe {rN+}
rPois   .          Reflect  .   f - +1 helmet
rElec   .          Harm     .   (no cloak)
rCorr   .          Rampage  .   (no gloves)
Will    .....                   (no boots)
Stlth   +++.......              (no amulet)
HPRegen 0.12/turn               o - +4 ring of protection
MPRegen 0.13/turn               (no ring)

@: no status effects
A: fangs 1, strong nose, distributed training
a: Renounce Religion, Recite, Donate Gold


You were on level 3 of the Dungeon.
You worshipped Zin.
Zin was aware of your devotion.
You visited 1 branch of the dungeon, and saw 3 of its levels.

You collected 157 gold pieces.
You spent 121 gold pieces at shops.
You donated 3 gold pieces to Zin.

Inventory:

Hand Weapons
 c - a +0 hand axe
 e - a +0 dagger
 g - a +1 dagger of freezing (weapon)
Missiles
 m - 6 poisoned darts
Armour
 a - a +0 robe
 d - a +1 robe of positive energy (worn)
 f - a +1 helmet (worn)
 l - a +0 pair of boots
 n - a +0 buckler of protection (worn)
Jewellery
 o - a +4 ring of protection (left hand)
Scrolls
 i - 2 scrolls of teleportation
 j - a scroll of vulnerability
Potions
 b - a potion of magic
 q - a potion of cancellation
 t - a potion of flight {unknown}


   Skills:
 + Level 1.6 Fighting
 + Level 1.6 Short Blades
 + Level 1.6 Long Blades
 + Level 1.6 Axes
 + Level 1.6 Maces & Flails
 + Level 1.6 Polearms
 + Level 1.6 Staves
 + Level 1.6 Slings
 + Level 1.6 Bows
 + Level 1.6 Crossbows
 + Level 1.6 Throwing
 + Level 1.6 Armour
 + Level 4.8 Dodging
 + Level 4.5 Stealth
 + Level 1.6 Shields
 + Level 1.6 Unarmed Combat
 + Level 5.2 Spellcasting
 + Level 1.3 Conjurations
 + Level 1.3 Hexes
 + Level 1.3 Summonings
 + Level 1.3 Necromancy
 + Level 1.3 Translocations
 + Level 1.3 Transmutations
 + Level 1.3 Fire Magic
 + Level 7.2 Ice Magic
 + Level 1.3 Air Magic
 + Level 1.3 Earth Magic
 + Level 1.3 Poison Magic
 + Level 1.9 Invocations
 + Level 1.6 Evocations


You had 7 spell levels left.
You knew the following spells:

 Your Spells              Type           Power      Damage    Failure   Level
a - Freeze                Ice            100%       1d11      1%          1
b - Frozen Ramparts       Ice            54%        1d7       3%          3
c - Ozocubu's Armour      Ice            27%        N/A       3%          3

Your spell library contained the following spells:

 Spells                   Type           Power      Damage    Failure   Level
 Beastly Appendage        Tmut           16%        N/A       12%         1
 Wereblood                Tmut           8%         N/A       17%         2
 Hailstorm                Conj/Ice       17%        3d6       32%         4
 Spider Form              Tmut/Pois      8%         N/A       34%         3
 Ozocubu's Refrigeration  Ice            13%        4d7       100%        7


Dungeon Overview and Level Annotations

Branches:
Dungeon (3/15)

Altars:
Zin

Shops:
D:3 *

Annotations:
D:3 Grinder


Innate Abilities, Weirdness & Mutations

You have very sharp teeth.
Your uncanny sense of smell can sniff out nearby items.
Your experience applies equally to all skills.


Message History

Grinder barely misses you.
You closely miss Grinder. Your bite misses Grinder.
Grinder is severely wounded.
Grinder gestures at you. Pain shoots through your body!
* * * LOW HITPOINT WARNING * * *
Unknown command.
You hit Grinder.
Grinder is severely wounded.
Grinder completely misses you.
You hit Grinder but do no damage.
Grinder is severely wounded.
Grinder gestures at you.
You suddenly lose the ability to move!
Grinder hits you but does no damage. x2
Grinder hits you.
* * * LOW HITPOINT WARNING * * *
You writhe in agony.
* * * LOW HITPOINT WARNING * * *
Grinder hits you but does no damage.
You can move again.
It was a potion of curing.
You feel better. You block Grinder's attack.
You hit Grinder but do no damage.
Grinder is severely wounded.
Grinder gestures at you.
You shrug off the repeated paralysis!
You hit Grinder.
Grinder is severely wounded.
Grinder gestures at you.
You suddenly lose the ability to move!
Grinder hits you.
* * * LOW HITPOINT WARNING * * *
You writhe in agony.
* * * LOW HITPOINT WARNING * * *
You can move again.
Unknown command.
You hit Grinder.
Grinder is severely wounded.
Grinder hits you.
You die...

*,,,* *,,*** #.# *****
**...####.#############*
**#.........5.........,
######.#############*
######..#####
##...........##
##.........<...##
#...............# #
#......@5.......# #
#...............# #
#...............# #
#...............########
#.................))....
##.............#########
##.....#.....## #
############# # #


You could see Grinder.

Vanquished Creatures
  Natasha (thrice) (D:2)
  An orc wizard (D:3)
  Robin (D:2)
  2 adders
  A worm (D:2)
  3 dart slugs (D:2)
  2 orcs (D:3)
  3 endoplasms
  2 giant cockroaches
  10 goblins
  9 hobgoblins
  6 jackals (D:1)
  A quokka (D:3)
  5 ball pythons
  9 bats
  2 frilled lizards (D:1)
  3 kobolds
  3 rats
  A spectral kobold (D:3)
67 creatures vanquished.

Vanquished Creatures (others)
  A plant (D:3)
1 creature vanquished.

Grand Total: 68 creatures vanquished

Notes
Turn   | Place    | Note
-------+----------+-------------------------------------------
     0 | D:1      | Zonian the Gnoll Ice Elementalist began the quest for the
                  | Orb.
     0 | D:1      | Reached XP level 1. HP: 13/13 MP: 6/6
    48 | D:1      | Reached XP level 2. HP: 11/19 MP: 0/7
  1527 | D:1      | Reached XP level 3. HP: 13/25 MP: 6/9
  1536 | D:1      | Reached skill level 5 in Spellcasting
  1939 | D:2      | Noticed Robin
  1944 | D:2      | Killed Robin
  2065 | D:1      | Reached skill level 1 in Invocations
  2498 | D:2      | Reached skill level 1 in Fighting
  2498 | D:2      | Reached skill level 1 in Short Blades
  2498 | D:2      | Reached skill level 1 in Long Blades
  2498 | D:2      | Reached skill level 1 in Axes
  2498 | D:2      | Reached skill level 1 in Maces & Flails
  2498 | D:2      | Reached skill level 1 in Polearms
  2498 | D:2      | Reached skill level 1 in Staves
  2498 | D:2      | Reached skill level 1 in Slings
  2498 | D:2      | Reached skill level 1 in Bows
  2498 | D:2      | Reached skill level 1 in Crossbows
  2498 | D:2      | Reached skill level 1 in Throwing
  2498 | D:2      | Reached skill level 1 in Armour
  2498 | D:2      | Reached skill level 1 in Shields
  2498 | D:2      | Reached skill level 1 in Unarmed Combat
  2498 | D:2      | Reached skill level 1 in Evocations
  2681 | D:2      | Reached XP level 4. HP: 30/32 MP: 9/11
  3021 | D:2      | Noticed Natasha
  3028 | D:2      | Killed Natasha
  3029 | D:2      | Reached skill level 1 in Conjurations
  3029 | D:2      | Reached skill level 1 in Hexes
  3029 | D:2      | Reached skill level 1 in Summonings
  3029 | D:2      | Reached skill level 1 in Necromancy
  3029 | D:2      | Reached skill level 1 in Translocations
  3029 | D:2      | Reached skill level 1 in Transmutations
  3029 | D:2      | Reached skill level 1 in Fire Magic
  3029 | D:2      | Reached skill level 1 in Air Magic
  3029 | D:2      | Reached skill level 1 in Earth Magic
  3029 | D:2      | Reached skill level 1 in Poison Magic
  3653 | D:2      | Noticed Natasha
  3657 | D:2      | Killed Natasha
  3658 | D:2      | Reached XP level 5. HP: 37/37 MP: 8/12
  3905 | D:3      | Found Jota's Assorted Antiques.
  3916 | D:3      | Bought a dark potion for 23 gold pieces
  3916 | D:3      | Bought a murky ruby potion for 23 gold pieces
  3916 | D:3      | Bought a scroll labelled JITID NIUTIN for 26 gold pieces
  3916 | D:3      | Bought a green potion for 23 gold pieces
  3916 | D:3      | Bought a scroll labelled WYXKOS XEZOC for 26 gold pieces
  3939 | D:3      | Noticed Grinder
  4053 | D:3      | Learned a level 3 spell: Frozen Ramparts
  4057 | D:3      | Learned a level 3 spell: Ozocubu's Armour
  4233 | D:3      | Found a faded altar of an unknown god.
  4316 | D:3      | Prayed at the altar of an unknown god.
  4316 | D:3      | Became a worshipper of Zin the Law-Giver
  4316 | D:3      | Reached * piety under Zin
  4384 | D:2      | Noticed Natasha
  4394 | D:2      | Killed Natasha
  4554 | D:3      | Paralysed by Grinder for 2 turns
  4612 | D:3      | Paralysed by Grinder for 7 turns
  4628 | D:3      | Paralysed by Grinder for 3 turns
  5047 | D:3      | Paralysed by Grinder for 7 turns
  5061 | D:3      | Paralysed by Grinder for 4 turns
  5064 | D:3      | HP: 1/38 [Grinder (1)]
  5068 | D:3      | Paralysed by Grinder for 2 turns
  5070 | D:3      | Slain by Grinder

Illustrated notes

Levels and vault maps discovered:
D:1:      amcnicky_arrival_underground_garden, layout_loops_ring
D:2:      layout_basic, uniq_natasha, uniq_robin
D:3:      layout_rooms, serial_shops, nicolae_shop_overgrown_old_shop,
          dreamdust_ecumenical_altar_drowned_temple, gammafunk_ghost_necromancy,
          kennysheep_generic_room_6, uniq_crazy_yiuf_cottage, uniq_grinder,
          uniq_ijyb

Skill      XL: |  1  2  3  4 |
---------------+-------------+-----
Spellcasting   | 5 |  5.2
Invocations    | 1 |  1.9
Fighting       | 1 |  1.6
Short Blades   | 1 |  1.6
Long Blades    | 1 |  1.6
Axes           | 1 |  1.6
Maces & Flails | 1 |  1.6
Polearms       | 1 |  1.6
Staves         | 1 |  1.6
Slings         | 1 |  1.6
Bows           | 1 |  1.6
Crossbows      | 1 |  1.6
Throwing       | 1 |  1.6
Armour         | 1 |  1.6
Shields        | 1 |  1.6
Unarmed Combat | 1 |  1.6
Evocations     | 1 |  1.6
Conjurations   | 1 |  1.3
Hexes          | 1 |  1.3
Summonings     | 1 |  1.3
Necromancy     | 1 |  1.3
Translocations | 1 |  1.3
Transmutations | 1 |  1.3
Fire Magic     | 1 |  1.3
Air Magic      | 1 |  1.3
Earth Magic    | 1 |  1.3
Poison Magic   | 1 |  1.3
Dodging        | |  4.8
Stealth        | |  4.5
Ice Magic      | |  7.2

Action                   |  1- 3 |  4- 6 || total
-------------------------+-------+-------++-------
Melee: Hand axe          |    61 |    74 ||   135
       Bite              |     6 |    13 ||    19
       Dagger            |       |    23 ||    23
 Cast: Freeze            |    31 |    51 ||    82
       Frozen Ramparts   |       |     2 ||     2
Invok: Recite            |       |     1 ||     1
  Use: Scroll            |       |     7 ||     7
       Potion            |       |     2 ||     2
 Stab: Sleeping          |     1 |     1 ||     2
Armor: Robe              |    27 |    58 ||    85
Dodge: Dodged            |    86 |    79 ||   165
Block: Buckler           |       |    14 ||    14

Table legend: (Time is in decaauts)
 A = Elapsed time spent in this place.
 B = Non-inter-level travel time spent in this place.
 C = Inter-level travel time spent in this place.
 D = Time resting spent in this place.
 E = Time spent auto-exploring this place.
 F = Levels seen in this place.
 G = Mean time per level.
                   A        B        C        D        E       F      G
               +--------+--------+--------+--------+--------+-----+--------+
         Total |   5123 |   5047 |     76 |   2517 |   1684 |   3 | 1707.7 |
       Dungeon |   5123 |   5047 |     76 |   2517 |   1684 |   3 | 1707.7 |
               +--------+--------+--------+--------+--------+-----+--------+

Top non-repeatable levels by time:
     D:1: 2652 daAuts
     D:2: 1736 daAuts
     D:3: 734 daAuts
